| TOP OF THE 1ST |
|
Colorado Avalanche batting - Pitching for Victoria Capitals : LHP Geoff Klaas
|
|
Pitching: LHP Geoff Klaas
|
|
|
Batting: RHB Keith Giarratano
|
0-0: Called Strike 0-1: Foul Ball, location: 2F 0-2: Ball 1-2: Ball 2-2: Foul Ball, location: 2F 2-2: Foul Ball, location: 2F 2-2: Foul Ball, location: 2F 2-2: Ball 3-2: Base on Balls
|
|
Batting: RHB Chris Tatum
|
0-0: Swinging Strike 0-1: Ball 1-1: Foul Ball, location: 2F 1-2: Ball 2-2: Ball 3-2: SINGLE (Line Drive, 8LS, EV 98.1 MPH) Keith Giarratano to second Runner from 2nd tries for 3rd, SAFE, no throw by CF
|
|
Batting: RHB Eric Delgado
|
0-0: Foul Ball, location: 2F 0-1: Ball 1-1: Called Strike 1-2: Strikes out swinging
|
|
Batting: RHB Xavier Williams
|
0-0: Grounds into double play, 6-4-3 (Groundball, 56D, EV 111.2 MPH)
|
| Top of the 1st over - 0 runs, 1 hit, 0 errors, 1 left on base; Colorado 0 - Victoria 0 |
| BOTTOM OF THE 1ST |
|
Victoria Capitals batting - Pitching for Colorado Avalanche : RHP Diego Arredondo
|
|
Pitching: RHP Diego Arredondo
|
|
|
Batting: LHB Matt Hepburn
|
0-0: Foul Ball, location: 2F 0-1: SINGLE (Line Drive, 89S, EV 101.2 MPH)
|
|
Batting: LHB Taki Matsui
|
0-0: Called Strike 0-1: Ball 1-1: Fly out, F8 (Line Drive, 89D, EV 91.9 MPH)
|
|
Batting: RHB Jesus Santiago
|
0-0: Ball 1-0: Ball 2-0: Ball 3-0: Called Strike 3-1: Base on Balls Matt Hepburn to second
|
|
Batting: LHB Addisu Nyamekye
|
0-0: Ball 1-0: Called Strike 1-1: Swinging Strike 1-2: Hit by Pitch Matt Hepburn to third Jesus Santiago to second
|
|
Batting: RHB Rich Griffith
|
0-0: Called Strike 0-1: Ball 1-1: Swinging Strike 1-2: Foul Ball, location: 2F 1-2: Ball 2-2: Ball 3-2: Strikes out swinging
|
|
Batting: RHB Neal Perucci
|
0-0: Ball 1-0: Ball 2-0: Ball 3-0: Called Strike 3-1: SINGLE (Groundball, 56D, EV 107.5 MPH) Matt Hepburn scores Jesus Santiago to third Addisu Nyamekye to second Runner from 3rd tries for Home, SAFE, throw by LF to home
|
|
Batting: LHB Jason Cary
|
0-0: Called Strike 0-1: Ball 1-1: Foul Ball, location: 2F 1-2: Ball 2-2: Foul Ball, location: 2F 2-2: Ball 3-2: Strikes out swinging
|
| Bottom of the 1st over - 2 runs, 2 hits, 0 errors, 2 left on base; Colorado 0 - Victoria 2 |
| TOP OF THE 2ND |
|
Colorado Avalanche batting - Pitching for Victoria Capitals : LHP Geoff Klaas
|
|
Batting: RHB Luis Mendoza
|
0-0: Ball 1-0: Called Strike 1-1: Ball 2-1: Ball 3-1: SINGLE (Flyball, 89S, EV 96.9 MPH)
|
|
Batting: LHB Brian Canny
|
0-0: Fielders Choice at 2nd, 3-6 (Groundball, 3, EV 103.8 MPH)
|
|
Batting: RHB Jack Stadner
|
0-0: Called Strike 0-1: Swinging Strike 0-2: Ball 1-2: Ball 2-2: Ball 3-2: Strikes out swinging
|
|
Batting: LHB Rich Rauda
|
0-0: Swinging Strike 0-1: Ball 1-1: Ball 2-1: Foul Ball, location: 2F 2-2: Strikes out looking
|
| Top of the 2nd over - 0 runs, 1 hit, 0 errors, 1 left on base; Colorado 0 - Victoria 2 |
| BOTTOM OF THE 2ND |
|
Victoria Capitals batting - Pitching for Colorado Avalanche : RHP Diego Arredondo
|
|
Batting: RHB Tristan Martin
|
0-0: Called Strike 0-1: Hit by Pitch
|
|
Batting: RHB Kevin Harris
|
0-0: Ball 1-0: Ball 2-0: SINGLE (Line Drive, 7S, EV 93.8 MPH) Tristan Martin to second
|
|
Batting: LHB Matt Hepburn
|
0-0: Ball 1-0: Foul Ball, location: 2F 1-1: 3-RUN HOME RUN (Line Drive, 9D, EV 96.9 MPH), Distance : 379 ft
|
|
Batting: LHB Taki Matsui
|
0-0: Foul Ball, location: 2F 0-1: SOLO HOME RUN (Flyball, 7D, EV 98.1 MPH), Distance : 365 ft
|
|
Batting: RHB Jesus Santiago
|
0-0: Called Strike 0-1: Ball 1-1: Called Strike 1-2: Ball 2-2: Strikes out swinging
|
|
Batting: LHB Addisu Nyamekye
|
0-0: Swinging Strike 0-1: Ball 1-1: Ball 2-1: Foul Ball, location: 2F 2-2: Foul Ball, location: 2F 2-2: Ball 3-2: Foul Ball, location: 2F 3-2: SOLO HOME RUN (Flyball, 9LD, EV 94.4 MPH), Distance : 355 ft
|
|
Batting: RHB Rich Griffith
|
0-0: Ball 1-0: Called Strike 1-1: Ball 2-1: Foul Ball, location: 2F 2-2: Ball 3-2: Foul Ball, location: 2F 3-2: Strikes out swinging
|
|
Pitching: RHP Rade Mamula
|
|
|
Batting: RHB Neal Perucci
|
0-0: Called Strike 0-1: Ball 1-1: Ball 2-1: Reached on error, E6 (Groundball, 6, EV 86.9 MPH)
|
|
Batting: LHB Jason Cary
|
0-0: Ball 1-0: Ground out 4-3 (Groundball, 4, EV 86.9 MPH)
|
| Bottom of the 2nd over - 5 runs, 4 hits, 1 error, 1 left on base; Colorado 0 - Victoria 7 |
| TOP OF THE 3RD |
|
Colorado Avalanche batting - Pitching for Victoria Capitals : LHP Geoff Klaas
|
|
Batting: RHB Mike Chiquete
|
0-0: Foul Ball, location: 2F 0-1: Ball 1-1: Called Strike 1-2: Ball 2-2: Strikes out swinging
|
|
Batting: RHB Keith Giarratano
|
0-0: Foul Ball, location: 2F 0-1: Ground out 5-3 (Groundball, 56S, EV 87.5 MPH)
|
|
Batting: RHB Chris Tatum
|
0-0: Foul Ball, location: 2F 0-1: Swinging Strike 0-2: Ball 1-2: Ball 2-2: SOLO HOME RUN (Flyball, 7D, EV 98.1 MPH), Distance : 365 ft
|
|
Batting: RHB Eric Delgado
|
0-0: Ball 1-0: Foul Ball, location: 2F 1-1: Called Strike 1-2: Foul Ball, location: 2F 1-2: Foul Ball, location: 2F 1-2: Ball 2-2: Foul Ball, location: 2F 2-2: Foul Ball, location: 2F 2-2: Foul Ball, location: 2F 2-2: Foul Ball, location: 2F 2-2: Foul Ball, location: 2F 2-2: Ball 3-2: Fly out, F7 (Line Drive, 7, EV 91.2 MPH)
|
| Top of the 3rd over - 1 run, 1 hit, 0 errors, 0 left on base; Colorado 1 - Victoria 7 |
| BOTTOM OF THE 3RD |
|
Victoria Capitals batting - Pitching for Colorado Avalanche : RHP Rade Mamula
|
|
Batting: RHB Tristan Martin
|
0-0: Ground out 6-3 (Groundball, 6M, EV 105.0 MPH)
|
|
Batting: RHB Kevin Harris
|
0-0: Swinging Strike 0-1: Fly out, F9 (Flyball, 89M, EV 82.5 MPH)
|
|
Batting: LHB Matt Hepburn
|
0-0: Ball 1-0: Swinging Strike 1-1: Ground out U3 (Groundball, 34S, EV 80.0 MPH)
|
| Bottom of the 3rd over - 0 runs, 0 hits, 0 errors, 0 left on base; Colorado 1 - Victoria 7 |
| TOP OF THE 4TH |
|
Colorado Avalanche batting - Pitching for Victoria Capitals : LHP Geoff Klaas
|
|
Batting: RHB Xavier Williams
|
0-0: Fly out, F9 (Flyball, 89S, EV 91.2 MPH)
|
|
Batting: RHB Luis Mendoza
|
0-0: Ball 1-0: Ball 2-0: Foul Ball, location: 2F 2-1: Ball 3-1: Reached on error, E5 (Groundball, 56S, EV 86.2 MPH)
|
|
Batting: LHB Brian Canny
|
0-0: Ball 1-0: Ball 2-0: Foul Ball, location: 2F 2-1: Swinging Strike 2-2: Strikes out swinging
|
|
Batting: RHB Jack Stadner
|
0-0: Called Strike 0-1: Ball Luis Mendoza is caught stealing 2nd base 2-4
|
| Top of the 4th over - 0 runs, 0 hits, 1 error, 0 left on base; Colorado 1 - Victoria 7 |
| BOTTOM OF THE 4TH |
|
Victoria Capitals batting - Pitching for Colorado Avalanche : RHP Rade Mamula
|
|
Batting: LHB Taki Matsui
|
0-0: Ball 1-0: Ball 2-0: Ball 3-0: Called Strike 3-1: Base on Balls
|
|
Batting: RHB Jesus Santiago
|
0-0: Ball Taki Matsui steals 2nd base 1-0: Ball 2-0: Swinging Strike 2-1: Foul Ball, location: 2F 2-2: Ball 3-2: SINGLE (Groundball, 34D, EV 103.8 MPH) Taki Matsui to third
|
|
Batting: LHB Addisu Nyamekye
|
0-0: Called Strike 0-1: Swinging Strike 0-2: Ball 1-2: Ball 2-2: Ball 3-2: Fly out, F9 (Flyball, 9, EV 89.4 MPH)
|
|
Batting: RHB Rich Griffith
|
0-0: SINGLE (Groundball, 34D, EV 98.8 MPH) Taki Matsui scores Jesus Santiago to second Runner from 2nd tries for 3rd, SAFE, throw by RF made to third
|
|
Batting: RHB Neal Perucci
|
0-0: Called Strike 0-1: Called Strike 0-2: Ball 1-2: Foul Ball, location: 2F 1-2: Fly out, F7 (Flyball, 7, EV 83.1 MPH) Runner from 3rd tags up, SCORES, throw by LF
|
|
Now in LF: Javy Rueda
|
|
|
Batting: LHB Jason Cary
|
0-0: Ball Rich Griffith steals 2nd base (no throw) 1-0: Foul Ball, location: 5F, Error on foul ball, E5 1-1: 2-RUN HOME RUN (Line Drive, 9D, EV 96.2 MPH), Distance : 378 ft
|
|
Pitching: RHP Joan Coucieiro
|
|
|
Batting: RHB Tristan Martin
|
0-0: SOLO HOME RUN (Flyball, 9D, EV 100.6 MPH), Distance : 383 ft
|
|
Batting: RHB Kevin Harris
|
0-0: Fly out, F7 (Line Drive, 7D, EV 102.5 MPH)
|
| Bottom of the 4th over - 5 runs, 4 hits, 1 error, 0 left on base; Colorado 1 - Victoria 12 |
| TOP OF THE 5TH |
|
Colorado Avalanche batting - Pitching for Victoria Capitals : LHP Geoff Klaas
|
|
Batting: RHB Jack Stadner
|
0-0: Fly out, F9 (Flyball, 9, EV 90.6 MPH)
|
|
Batting: LHB Rich Rauda
|
0-0: Ball 1-0: Foul Ball, location: 2F 1-1: Swinging Strike 1-2: Ball 2-2: Ball 3-2: Fly out, F7 (Flyball, 7LM, EV 82.5 MPH)
|
|
Batting: RHB Mike Chiquete
|
0-0: Ball 1-0: Ball 2-0: Called Strike 2-1: Ball 3-1: Base on Balls
|
|
Batting: RHB Keith Giarratano
|
0-0: Ball 1-0: Ball 2-0: Ball 3-0: Called Strike 3-1: Swinging Strike 3-2: Strikes out swinging
|
| Top of the 5th over - 0 runs, 0 hits, 0 errors, 1 left on base; Colorado 1 - Victoria 12 |
| BOTTOM OF THE 5TH |
|
Victoria Capitals batting - Pitching for Colorado Avalanche : RHP Joan Coucieiro
|
|
Batting: LHB Matt Hepburn
|
0-0: Ball 1-0: Called Strike 1-1: SINGLE (Line Drive, 6D, EV 96.9 MPH)
|
|
Batting: LHB Taki Matsui
|
0-0: Called Strike 0-1: Ball Balk! Matt Hepburn to second 1-1: Ball 2-1: Foul Ball, location: 2F 2-2: Ball 3-2: Strikes out swinging
|
|
Batting: RHB Jesus Santiago
|
0-0: Ground out 5-3 (Groundball, 5, EV 93.1 MPH)
|
|
Batting: LHB Addisu Nyamekye
|
0-0: Ball 1-0: Called Strike 1-1: Swinging Strike 1-2: Ball 2-2: Ball 3-2: 2-RUN HOME RUN (Line Drive, 89XD, EV 109.4 MPH), Distance : 426 ft
|
|
Batting: RHB Rich Griffith
|
0-0: SINGLE (Groundball, 34, EV 94.4 MPH)
|
|
Batting: RHB Neal Perucci
|
0-0: Ball 1-0: Called Strike 1-1: Called Strike 1-2: Strikes out swinging
|
| Bottom of the 5th over - 2 runs, 3 hits, 0 errors, 1 left on base; Colorado 1 - Victoria 14 |
| TOP OF THE 6TH |
|
Colorado Avalanche batting - Pitching for Victoria Capitals : LHP Geoff Klaas
|
|
Batting: RHB Chris Tatum
|
0-0: Ball 1-0: Foul Ball, location: 2F 1-1: Called Strike 1-2: Ball 2-2: Ball 3-2: Ground out 1-3 (Groundball, 13, EV 69.4 MPH)
|
|
Pitching: RHP Ross Hallock
|
|
|
Batting: RHB Eric Delgado
|
0-0: Ball 1-0: Ball 2-0: Ball 3-0: Base on Balls
|
|
Batting: RHB Xavier Williams
|
0-0: Called Strike Eric Delgado steals 2nd base (no throw) 0-1: Ball 1-1: Ball 2-1: Swinging Strike 2-2: Ball 3-2: Ground out 6-3 (Groundball, 6, EV 81.2 MPH) Eric Delgado to third
|
|
Batting: RHB Luis Mendoza
|
0-0: Ball 1-0: Fly out, F8 (Line Drive, 8LM, EV 108.1 MPH)
|
| Top of the 6th over - 0 runs, 0 hits, 0 errors, 1 left on base; Colorado 1 - Victoria 14 |
| BOTTOM OF THE 6TH |
|
Victoria Capitals batting - Pitching for Colorado Avalanche : RHP Joan Coucieiro
|
|
Batting: LHB Jason Cary
|
0-0: Reached on error, E6 (Groundball, 6, EV 89.4 MPH)
|
|
Batting: RHB Tristan Martin
|
0-0: Foul Ball, location: 2F 0-1: Called Strike 0-2: Foul Ball, location: 2F 0-2: Foul Ball, location: 2F 0-2: Ball 1-2: Foul Ball, location: 2F 1-2: Ball Wild Pitch! Jason Cary to second 2-2: Strikes out looking
|
|
Batting: RHB Kevin Harris
|
0-0: Fly out, F3 (Popup, 23F, EV 74.4 MPH)
|
|
Batting: LHB Matt Hepburn
|
0-0: Ball 1-0: Ball 2-0: Ball 3-0: Base on Balls
|
|
Pitching: RHP Bryce Hickman
|
|
|
Batting: LHB Taki Matsui
|
0-0: Foul Ball, location: 2F 0-1: Ball 1-1: Foul Ball, location: 2F 1-2: Ball 2-2: 3-RUN HOME RUN (Flyball, 9D, EV 98.8 MPH), Distance : 375 ft
|
|
Batting: RHB Jesus Santiago
|
0-0: Ball 1-0: Swinging Strike 1-1: Ball 2-1: Swinging Strike 2-2: Ball 3-2: Fly out, F8 (Flyball, 8RM, EV 89.4 MPH)
|
| Bottom of the 6th over - 3 runs, 1 hit, 1 error, 0 left on base; Colorado 1 - Victoria 17 |
| TOP OF THE 7TH |
|
Colorado Avalanche batting - Pitching for Victoria Capitals : RHP Ross Hallock
|
|
Batting: LHB Javy Rueda
|
0-0: Ball 1-0: Ball 2-0: Called Strike 2-1: Foul Ball, location: 2F 2-2: Strikes out swinging
|
|
Batting: RHB Jack Stadner
|
0-0: Called Strike 0-1: Ball 1-1: Ball 2-1: Swinging Strike 2-2: Ball 3-2: Foul Ball, location: 2F 3-2: Strikes out swinging
|
|
Batting: LHB Rich Rauda
|
0-0: Ball 1-0: Ground out 3-1 (Groundball, 34, EV 78.8 MPH)
|
| Top of the 7th over - 0 runs, 0 hits, 0 errors, 0 left on base; Colorado 1 - Victoria 17 |
| BOTTOM OF THE 7TH |
|
Victoria Capitals batting - Pitching for Colorado Avalanche : RHP Bryce Hickman
|
|
Batting: LHB Addisu Nyamekye
|
0-0: Swinging Strike 0-1: Ball 1-1: Called Strike 1-2: Foul Ball, location: 2F 1-2: Ball 2-2: Foul Ball, location: 2F 2-2: Ball 3-2: Ground out 1-3 (Groundball, 13S, EV 74.4 MPH)
|
|
Batting: RHB Rich Griffith
|
0-0: Foul Ball, location: 2F 0-1: SINGLE (Line Drive, 9S, EV 108.1 MPH)
|
|
Batting: RHB Neal Perucci
|
0-0: Ball 1-0: Ball 2-0: Ball 3-0: Base on Balls Rich Griffith to second
|
|
Batting: LHB Jason Cary
|
0-0: Called Strike 0-1: Ball 1-1: Foul Ball, location: 2F 1-2: Strikes out swinging
|
|
Batting: RHB Tristan Martin
|
0-0: Ball 1-0: Fielders Choice at 2nd, 5-4 (Groundball, 56, EV 78.8 MPH)
|
| Bottom of the 7th over - 0 runs, 1 hit, 0 errors, 2 left on base; Colorado 1 - Victoria 17 |
| TOP OF THE 8TH |
|
Colorado Avalanche batting - Pitching for Victoria Capitals : RHP Ross Hallock
|
|
Batting: RHB Mike Chiquete
|
0-0: Ball 1-0: Foul Ball, location: 2F 1-1: Called Strike 1-2: Ground out 5-3 (Groundball, 56, EV 81.9 MPH)
|
|
Pitching: LHP Matt Lee
|
|
|
Batting: RHB Keith Giarratano
|
0-0: Ground out 4-3 (Groundball, 4, EV 105.0 MPH)
|
|
Batting: RHB Chris Tatum
|
0-0: Called Strike 0-1: Ball 1-1: Foul Ball, location: 2F 1-2: Ball 2-2: Foul Ball, location: 2F 2-2: Ball 3-2: Fly out, F9 (Flyball, 9, EV 80.0 MPH)
|
| Top of the 8th over - 0 runs, 0 hits, 0 errors, 0 left on base; Colorado 1 - Victoria 17 |
| BOTTOM OF THE 8TH |
|
Victoria Capitals batting - Pitching for Colorado Avalanche : RHP Bryce Hickman
|
|
Pinch Hitting: RHB Jeremy Marin
|
0-0: Called Strike 0-1: Ground out 6-3 (Groundball, 56, EV 103.8 MPH)
|
|
Batting: LHB Matt Hepburn
|
0-0: Ball 1-0: SINGLE (Line Drive, 7LS, EV 105.6 MPH)
|
|
Pitching: LHP Juan Vargas
|
|
|
Batting: LHB Taki Matsui
|
0-0: Foul Ball, location: 2F 0-1: Ball 1-1: Ball 2-1: SINGLE (Groundball, 34D, EV 100.0 MPH) Matt Hepburn to second Runner from 2nd tries for 3rd, SAFE, throw by RF made to third
|
|
Pinch Hitting: RHB John Britton
|
0-0: Called Strike 0-1: Ball 1-1: Foul Ball, location: 2F 1-2: Ball 2-2: Foul Ball, location: 2F 2-2: Ball 3-2: Foul Ball, location: 2F 3-2: Strikes out swinging
|
|
Batting: LHB Addisu Nyamekye
|
0-0: Swinging Strike 0-1: Ball 1-1: Ball 2-1: Swinging Strike 2-2: Strikes out swinging
|
| Bottom of the 8th over - 0 runs, 2 hits, 0 errors, 2 left on base; Colorado 1 - Victoria 17 |
| TOP OF THE 9TH |
|
Colorado Avalanche batting - Pitching for Victoria Capitals : LHP Matt Lee
|
|
Now at 1B: Adam Lupfer
|
|
|
Now at 3B: Jeremy Marin
|
|
|
Batting: RHB Eric Delgado
|
0-0: Ball 1-0: Ball 2-0: Called Strike 2-1: Ball 3-1: Base on Balls
|
|
Batting: RHB Xavier Williams
|
0-0: Ball 1-0: Called Strike 1-1: 2-RUN HOME RUN (Flyball, 7D, EV 97.5 MPH), Distance : 371 ft
|
|
Batting: RHB Luis Mendoza
|
0-0: Swinging Strike 0-1: Swinging Strike 0-2: Fly out, F8 (Flyball, 8LD, EV 93.8 MPH)
|
|
Batting: LHB Javy Rueda
|
0-0: Foul Ball, location: 2F 0-1: Ball 1-1: Fly out, F7 (Flyball, 7, EV 95.6 MPH)
|
|
Batting: RHB Jack Stadner
|
0-0: Called Strike 0-1: Foul Ball, location: 2F 0-2: Foul Ball, location: 2F 0-2: Foul Ball, location: 2F 0-2: Foul Ball, location: 2F 0-2: Ball 1-2: Ball 2-2: Foul Ball, location: 2F 2-2: Strikes out swinging
|
| Top of the 9th over - 2 runs, 1 hit, 0 errors, 0 left on base; Colorado 3 - Victoria 17 |
|